AoeStats
← ogipochi_

Arena

503950712Analyzed
4v4 RM · 1mo ago on Sep 3, 2026· 30m 55s· 8 players
Game mode
Random Map
Map size
Large (8 player)
Population
200
Speed
Normal
Resources
Standard
Victory
Conquest
Starting age
Dark Age
Ending age
Imperial Age
RankedLock teamsTeams togetherTeam positionsShared explorationLock speedFull tech treeHidden civsTurbo modeCheats
Victory
Defeat
🇵🇪 Bohemians · Peru
970
+11
🇵🇪 Japanese · Peru
965
+11
🇵🇪 Mongols · Peru
919
+13
🇵🇪 Koreans · Peru
863
+15
🇨🇷 Khmer · Costa Rica
920
-36
🇯🇵 Aztecs · Japan
855
-13
🇲🇽 Huns · Mexico
814
-16
🇲🇽 Burgundians · Mexico
810
-11
decs0793
15:07 Feudal Age
28:33 Castle Age
32:41 Castle Age
ogipochi_
8:22 Loom
11:10 Feudal Age
11:47 Gold Mining
11:43 Double-Bit Axe
11:50 Stone Mining
12:45 Wheelbarrow
18:13 Castle Age
17:43 Forging
17:52 Scale Mail Armor
20:16 Hand Cart
26:32 Iron Casting
27:29 Chain Mail Armor
32:33 Imperial Age
joseabrojo
0:29 Loom
7:51 Double-Bit Axe
11:30 Wheelbarrow
14:22 Feudal Age
12:49 Stone Mining
17:24 Hand Cart
16:56 Horse Collar
20:09 Forging
22:57 Castle Age
22:03 Scale Barding Armor
26:29 Castle Age
29:30 Town Watch
glopi
2:40 Loom
12:10 Feudal Age
12:53 Double-Bit Axe
12:50 Horse Collar
16:59 Bloodlines
17:20 Bloodlines
17:18 Scale Barding Armor
17:14 Scale Mail Armor
23:16 Castle Age
23:08 Forging
25:33 Husbandry
27:33 Chain Barding Armor
30:03 Wheelbarrow
29:26 Town Watch
Baku74
10:56 Feudal Age
12:42 Loom
16:36 Castle Age
14:57 Double-Bit Axe
15:32 Gold Mining
16:10 Horse Collar
18:10 Wheelbarrow
19:08 Fletching
26:10 Scale Mail Armor
26:20 Forging
Rene
7:57 Loom
10:57 Feudal Age
12:39 Wheelbarrow
12:18 Double-Bit Axe
12:59 Stone Mining
19:27 Castle Age
17:48 Gold Mining
21:39 Gold Shaft Mining
22:02 Bow Saw
21:40 Town Watch
22:47 Murder Holes
24:44 Horse Collar
28:01 Fletching
28:18 Scale Barding Armor
28:37 Ballistics
29:26 Bodkin Arrow
29:52 Chain Barding Armor
SNES
9:52 Feudal Age
12:11 Loom
16:13 Castle Age
17:02 Horse Collar
17:50 Double-Bit Axe
23:34 Wheelbarrow
23:07 Heavy Plow
29:15 Imperial Age
27:15 Bow Saw
AMIGO MAICOL
12:51 Feudal Age
14:01 Gold Mining
13:55 Horse Collar
14:08 Double-Bit Axe
15:32 Padded Archer Armor
15:55 Fletching
20:39 Wheelbarrow
24:22 Castle Age
23:16 Scale Barding Armor
24:06 Bloodlines
25:30 Thumb Ring
26:11 Bodkin Arrow
26:33 Leather Archer Armor
27:58 Hand Cart
29:28 Bow Saw
29:40 Husbandry
Connection lost

Rejoining the realm…

Still unreachable

The connection could not be restored.

Session expired

The server has moved on; the page needs a fresh start.